 Dungeon Crawl Stone Soup version 0.29.1-1-gd02db6906a (webtiles) character file.

Game seed: 33568359558029468

578 fireball365 the Chopper (level 7, -4/60 HPs)
             Began as a Minotaur Fighter on Oct 19, 2022.
             Was an Initiate of Gozag.
             Slain by a black bear (6 damage)
             ... on level 5 of the Dungeon.
             The game lasted 00:16:30 (4728 turns).

fireball365 the Chopper (Minotaur Fighter)          Turns: 4728, Time: 00:16:32

Health: -4/60      AC:  8    Str: 21    XL:     7   Next: 13%
Magic:  6/6        EV: 10    Int:  5    God:    Gozag
Gold:   261        SH: 10    Dex: 11    Spells: 6/6 levels left

rFire   . . .      SeeInvis .   a - +0 war axe
rCold   . . .      Faith    .   c - +0 buckler
rNeg    . . .      Spirit   .   b - +0 scale mail
rPois   .          Reflect  +   (helmet restricted)
rElec   .          Harm     .   (no cloak)
rCorr   .          Rampage  .   p - +0 pair of gloves
Will    .....                   (no boots)
Stlth   ..........              q - amulet of reflection
HPRegen 0.20/turn               (no ring)
MPRegen 0.10/turn               (no ring)

@: gold aura
A: horns 2, retaliatory headbutt
a: Renounce Religion, Potion Petition, Call Merchant, Bribe Branch


You were on level 5 of the Dungeon.
You worshipped Gozag.
Gozag was aware of your devotion.
You visited 2 branches of the dungeon, and saw 6 of its levels.

You collected 337 gold pieces.
You paid 76 gold pieces to Gozag.

Inventory:

Hand Weapons
 a - a +0 war axe (weapon)
 F - a +0 rapier of venom
Missiles
 m - 9 poisoned darts (quivered)
 n - 25 stones
 B - 3 javelins
Armour
 b - a +0 scale mail (worn)
 c - a +0 buckler (worn)
 p - a +0 pair of gloves (worn)
Jewellery
 q - an amulet of reflection (around neck)
 C - a +6 ring of strength
Wands
 x - a wand of light (9)
Scrolls
 g - 4 scrolls of identify
 h - a scroll of poison {unknown}
 j - a scroll of amnesia {unknown}
 k - a scroll of magic mapping {unknown}
 s - 3 scrolls of vulnerability
 u - a scroll of blinking {unknown}
 v - a scroll of enchant armour {unknown}
 y - a scroll of fog {unknown}
 A - a scroll of fear {unknown}
 D - a scroll of teleportation {unknown}
 G - a scroll of enchant weapon {unknown}
Potions
 d - a potion of might
 e - a potion of ambrosia
 f - a potion of invisibility {unknown}
 i - a potion of attraction {unknown}
 l - a potion of cancellation {unknown}
 o - a potion of magic {unknown}
 r - a potion of mutation {unknown}
 t - 3 potions of brilliance {unknown}
 w - 4 potions of curing
 z - 2 potions of lignification {unknown}
 E - 2 potions of heal wounds {unknown}


   Skills:
 + Level 4.3 Fighting
 * Level 6.7 Axes
 + Level 5.5 Armour
 + Level 1.6 Dodging
 + Level 0.4 Stealth
 + Level 5.2 Shields


You had 6 spell levels left.
You didn't know any spells.
Your spell library contained the following spells:

 Spells                   Type           Power      Damage    Failure   Level
 Blink                    Tloc           0%         N/A       95%         2
 Static Discharge         Conj/Air       0%         3-3/arc   95%         2
 Portal Projectile        Hex/Tloc       0%         N/A       99%         3
 Lightning Bolt           Conj/Air       0%         1d11      100%        5
 Manifold Assault         Tloc           0%         N/A       100%        5
 Conjure Ball Lightning   Conj/Air       0%         3x3d6     100%        6
 Storm Form               Tmut/Air       0%         N/A       100%        7
 Maxwell's Capacitive Co  Air            0%         ∞         100%        8


Dungeon Overview and Level Annotations

Branches:
Dungeon (5/15)             Temple (1/1) D:4

Altars:
Ashenzari
Elyvilon
Gozag
Hepliaklqana
Kikubaaqudgha
Makhleb
Nemelex Xobeh
Okawaru
Qazlal
Sif Muna
Trog
Xom
Yredelemnul
Zin
The Shining One


Innate Abilities, Weirdness & Mutations

You have a pair of horns on your head.
You reflexively headbutt those who attack you in melee.


Message History

You slash the iguana! The hound closely misses you.
You block the iguana's attack. The black bear bites you.
The black bear barely misses you.
The black bear claws you but does no damage.
You block the hound's attack.
You hit the hound but do no damage.
The hound is almost dead.
You slash the black bear! You hit the iguana but do no damage.
You block the iguana's attack. The black bear closely misses you.
You furiously retaliate!
You headbutt the black bear.
The black bear barely misses you. x2; You block the hound's attack.
The iguana barely misses you. You furiously retaliate!
You headbutt the iguana. The hound barely misses you.
The black bear bites you but does no damage.
The black bear barely misses you.
The black bear claws you but does no damage.
You hit the hound.
You kill the hound!
You slash the black bear! You hit the iguana but do no damage.
The iguana closely misses you.
The black bear goes berserk!
The black bear bites you. You block the black bear's attack.
The black bear claws you but does no damage.
The iguana bites you.
You see here 7 gold pieces.
Found 17 gold pieces.
The black bear bites you. The black bear claws you. The black bear misses you.
The iguana bites you but does no damage.
The black bear bites you! You block the black bear's attack. x2
The iguana attacks as you move away! The iguana bites you!
* * * LOW HITPOINT WARNING * * *
The black bear bites you.
* * * LOW HITPOINT WARNING * * *
The black bear barely misses you. You block the black bear's attack.
You hit the black bear.
The black bear is almost dead.
You hit the iguana but do no damage. The black bear bites you!
* * * LOW HITPOINT WARNING * * *
The black bear claws you.
You die...
Your body crumbles into a pile of gold.

#.# ..# #.# .#
#<## # #..#
.######.#
........# #
.#####..##.#.##
#.#....h$.......
#......@l.......
###.####.####.##
# .... # .....#
#.......
......#..
##.....##.#
.....$. ..


You could see a black bear (berserk) and an iguana.

Vanquished Creatures
  Eustachio (D:4)
  Blork the orc (D:4)
  A bullfrog (D:4)
  A scorpion (D:4)
  4 hounds
  5 adders
  3 worms
  2 dart slugs
  An orc (D:3)
  6 ball pythons
  2 endoplasms
  2 giant cockroaches
  6 hobgoblins
  4 quokkas
  5 bats
  6 frilled lizards
  6 goblins
  5 kobolds
  2 rats
63 creatures vanquished.

Vanquished Creatures (others)
  7 fungi (D:1)
  4 plants (D:1)
11 creatures vanquished.

Grand Total: 74 creatures vanquished

Notes
Turn   | Place    | Note
-------+----------+-------------------------------------------
     0 | D:1      | fireball365 the Minotaur Fighter began the quest for the
                  | Orb.
     0 | D:1      | Reached XP level 1. HP: 19/19 MP: 0/0
   183 | D:1      | Found a faded altar of an unknown god.
   243 | D:1      | Prayed at the altar of an unknown god.
   243 | D:1      | Became a worshipper of Elyvilon the Healer
   243 | D:1      | Reached * piety under Elyvilon
   517 | D:1      | Reached XP level 2. HP: 26/27 MP: 1/1
  1502 | D:2      | Got the Grimoire of the Shark
  1618 | D:2      | Reached ** piety under Elyvilon
  1687 | D:2      | Reached XP level 3. HP: 32/33 MP: 2/2
  1770 | D:2      | Reached skill level 3 in Axes
  2004 | D:2      | Found a broken altar of Ashenzari.
  2031 | D:2      | Fell from the grace of Elyvilon
  2031 | D:2      | Became a worshipper of Ashenzari the Shackled
  2601 | D:3      | Found an ancient bone altar of Kikubaaqudgha.
  2829 | D:4      | Reached XP level 4. HP: 40/40 MP: 3/3
  2874 | D:4      | Found a staircase to the Ecumenical Temple.
  2938 | Temple   | Entered the Ecumenical Temple
  2971 | Temple   | Fell from the grace of Ashenzari
  2971 | Temple   | Became a worshipper of Gozag Ym Sagoz the Greedy
  3076 | D:4      | Noticed Blork the orc
  3082 | D:4      | Noticed a scorpion
  3086 | D:4      | Killed Blork the orc
  3087 | D:4      | Reached skill level 4 in Axes
  3087 | D:4      | Reached skill level 1 in Dodging
  3087 | D:4      | Reached XP level 5. HP: 23/46 MP: 4/4
  3320 | D:4      | Reached skill level 5 in Axes
  3326 | D:4      | Was forgiven by Ashenzari
  3597 | D:4      | Reached XP level 6. HP: 52/52 MP: 5/5
  3809 | D:4      | Noticed Eustachio
  3829 | D:4      | Killed Eustachio
  3830 | D:4      | Reached skill level 6 in Axes
  3830 | D:4      | Reached skill level 5 in Armour
  3830 | D:4      | Reached skill level 5 in Shields
  4037 | D:4      | Reached XP level 7. HP: 50/60 MP: 6/6
  4625 | D:2      | You fall into a shaft and drop 2 floors!
  4671 | D:5      | Entered Level 5 of the Dungeon
  4728 | D:5      | HP: 2/60 [black bear (10)]
  4728 | D:5      | Slain by a black bear

Illustrated notes

Levels and vault maps discovered:
D:1:      mrwooster_arrival_statue, layout_basic,
          dreamdust_ecumenical_altar_grove
D:2:      layout_loops_ring, basic_altar
D:3:      layout_rooms, kiku_gazebo_pond_becter, patterned_corridor
D:4:      layout_layer_cave, minmay_temple_entry_offerings, uniq_blork_the_orc,
          uniq_eustachio
D:5:      layout_loops_ring, mainiacjoe_overflow_brackets,
          nicolae_wu_jian_glorious_leap
Temple:   chequers_temple_sunken

Skill      XL: |  1  2  3  4  5  6 |
---------------+-------------------+-----
Shields        | 4 5 |  5.2
Fighting       | 4 |  4.3
Armour         | 4 5 |  5.5
Axes           | 3 4 5 6 |  6.7
Dodging        | 1 |  1.6
Stealth        | |  0.4

Action                   |  1- 3 |  4- 6 |  7- 9 || total
-------------------------+-------+-------+-------++-------
Melee: War axe           |   116 |    34 |    20 ||   170
       Headbutt          |    20 |     8 |     1 ||    29
Evoke: Wand              |       |     1 |       ||     1
  Use: Scroll            |     3 |       |       ||     3
       Potion            |       |     2 |       ||     2
Armor: Scale mail        |    74 |    22 |    20 ||   116
Dodge: Dodged            |    62 |    24 |    22 ||   108
Block: Buckler           |    86 |    35 |    24 ||   145
       Reflection        |     6 |     1 |       ||     7
